AoeStats
← Jackow

Coastal Forest

510858758Analyzed
2v2 RM · 1d ago on Oct 2, 2026· 23m 51s· 4 players
Game mode
Random Map
Map size
Medium (4 player)
Population
200
Speed
Normal
Resources
Standard
Victory
Conquest
Starting age
Dark Age
Ending age
Imperial Age
RankedLock teamsTeams togetherTeam positionsShared explorationLock speedFull tech treeHidden civsTurbo modeCheats
Victory
Defeat
🇩🇪 Slavs · Germany
1275
+15
🇩🇪 Koreans · Germany
1227
+17
🇮🇳 Persians · India
1364
-21
🇹🇷 Vikings · Türkiye
1133
-11
Jackow
7:17 Loom
9:29 Feudal Age
10:23 Double-Bit Axe
13:06 Horse Collar
17:53 Gold Mining
21:48 Castle Age
20:32 Stone Mining
23:08 Medium Warships
23:51 Husbandry
24:03 Bloodlines
Hardrada_1066
7:30 Loom
9:52 Feudal Age
12:25 Double-Bit Axe
13:52 Gold Mining
14:31 Fletching
17:08 Horse Collar
20:21 Town Watch
Lavibeko
11:00 Feudal Age
11:36 Double-Bit Axe
11:32 Horse Collar
11:43 Loom
nizam.lko
10:53 Feudal Age
9:20 Loom
14:45 Castle Age
16:53 Scale Barding Armor
17:56 Wheelbarrow
20:33 Town Watch
24:01 Forging
Connection lost

Rejoining the realm…

Still unreachable

The connection could not be restored.

Session expired

The server has moved on; the page needs a fresh start.